NWL (28 & UNDER)
CASPER GHOSTS @ MENLO MANIACS
09/04/2028
 
TOP OF THE 1ST
Casper Ghosts batting - Pitching for Menlo Maniacs : RHP Michael Díaz
Pitching: RHP Michael Díaz
Batting: RHB James Jenkins 0-0: Ball
1-0: Swinging Strike
1-1: Ball
2-1: SINGLE (Line Drive, 56D)
Batting: LHB Ramón Córdova 0-0: Fly out, F8 (Flyball, 8LM)
Batting: SHB Dave Henley 0-0: Called Strike
James Jenkins steals 2nd base
0-1: Ball
1-1: Swinging Strike
1-2: Strikes out swinging
Batting: RHB Juan García 0-0: Foul Ball, location: 2F
0-1: Swinging Strike
0-2: Foul Ball, location: 2F
0-2: Ground out 6-3 (Groundball, 6)
Top of the 1st over - 0 run(s), 1 hit(s), 0 error(s), 1 left on base; Casper 0 - Menlo 0
BOTTOM OF THE 1ST
Menlo Maniacs batting - Pitching for Casper Ghosts : RHP Larry Jenkins
Pitching: RHP Larry Jenkins
Batting: LHB Bernardo Rodríguez 0-0: Swinging Strike
0-1: Fly out, F8 (Flyball, 8RM)
Batting: RHB Gilberto León 0-0: Ground out 4-3 (Groundball, 4)
Batting: LHB Tim Ramsey 0-0: DOUBLE (Line Drive, 89M)
Batting: LHB Frank Young 0-0: Called Strike
0-1: Foul Ball, location: 2F
0-2: Fly out, F8 (Flyball, 8LD)
Bottom of the 1st over - 0 run(s), 1 hit(s), 0 error(s), 1 left on base; Casper 0 - Menlo 0
TOP OF THE 2ND
Casper Ghosts batting - Pitching for Menlo Maniacs : RHP Michael Díaz
Batting: RHB Wilfred Martin 0-0: Called Strike
0-1: DOUBLE (Flyball, 78D)
Batting: SHB José González 0-0: Ball
1-0: Swinging Strike
1-1: Called Strike
1-2: Ball
2-2: Ball
3-2: Strikes out swinging
Batting: RHB Robert Acosta 0-0: Fly out, F7 (Flyball, 78S)
Batting: RHB Hunter Plunket 0-0: Called Strike
0-1: Ball
1-1: Ball
2-1: Swinging Strike
2-2: Foul Ball, location: 2F
2-2: Strikes out swinging
Top of the 2nd over - 0 run(s), 1 hit(s), 0 error(s), 1 left on base; Casper 0 - Menlo 0
BOTTOM OF THE 2ND
Menlo Maniacs batting - Pitching for Casper Ghosts : RHP Larry Jenkins
Batting: LHB César Rodríguez 0-0: Ball
1-0: Swinging Strike
1-1: Foul Ball, location: 2F
1-2: Ball
2-2: Strikes out swinging
Batting: LHB Dave Lee 0-0: Ball
1-0: Ball
2-0: Ball
3-0: Called Strike
3-1: Base on Balls
Batting: RHB Miguel González 0-0: Called Strike
0-1: Ball
1-1: Ball
2-1: Swinging Strike
2-2: Ball
3-2: Strikes out swinging
Batting: SHB Ryan Holcomb 0-0: Called Strike
0-1: Ball
1-1: Foul Ball, location: 2F
1-2: Ball
2-2: SINGLE (Groundball, 4M) (infield hit)
Dave Lee to second
Batting: RHB Clinton Barton 0-0: Reached via error on a dropped throw, E6
Dave Lee to third
Ryan Holcomb to second
Batting: LHB Bernardo Rodríguez 0-0: Called Strike
0-1: Ground out 4-3 (Groundball, 4M)
Bottom of the 2nd over - 0 run(s), 1 hit(s), 1 error(s), 3 left on base; Casper 0 - Menlo 0
TOP OF THE 3RD
Casper Ghosts batting - Pitching for Menlo Maniacs : RHP Michael Díaz
Batting: LHB Ralph Cobb 0-0: Ball
1-0: Foul Ball, location: 2F
1-1: Foul Ball, location: 2F
1-2: Strikes out swinging
Batting: RHB James Jenkins 0-0: Foul Ball, location: 2F
0-1: Ball
1-1: Ball
2-1: DOUBLE (Line Drive, 78XD)
Batting: LHB Ramón Córdova 0-0: Ball
1-0: Foul Ball, location: 2F
1-1: Ball
2-1: Ball
3-1: Foul Ball, location: 2F
3-2: Base on Balls
Batting: SHB Dave Henley 0-0: Called Strike
0-1: Ball
1-1: Ball
2-1: Foul Ball, location: 2F
2-2: Fielders Choice at 2nd, 4-6 (Groundball, 4M)
James Jenkins to third
Batting: RHB Juan García 0-0: Ball
1-0: 3-RUN HOME RUN (Flyball, 78XD), Distance : 407 ft
Batting: RHB Wilfred Martin 0-0: Ball
1-0: Foul Ball, location: 2F
1-1: SINGLE (Groundball, 4D)
Batting: SHB José González 0-0: Foul Ball, location: 2F
0-1: Called Strike
0-2: Ball
1-2: Strikes out looking
Top of the 3rd over - 3 run(s), 3 hit(s), 0 error(s), 1 left on base; Casper 3 - Menlo 0
BOTTOM OF THE 3RD
Menlo Maniacs batting - Pitching for Casper Ghosts : RHP Larry Jenkins
Batting: RHB Gilberto León 0-0: Ball
1-0: Ball
2-0: Foul Ball, location: 2F
2-1: Ground out 3-1 (Groundball, 34)
Batting: LHB Tim Ramsey 0-0: Ball
1-0: Ground out 4-3 (Groundball, 34)
Batting: LHB Frank Young 0-0: Foul Ball, location: 2F
0-1: Ball
1-1: Ball
2-1: Ball
3-1: Fly out, F7 (Flyball, 7LS)
Bottom of the 3rd over - 0 run(s), 0 hit(s), 0 error(s), 0 left on base; Casper 3 - Menlo 0
TOP OF THE 4TH
Casper Ghosts batting - Pitching for Menlo Maniacs : RHP Michael Díaz
Batting: RHB Robert Acosta 0-0: Called Strike
0-1: Called Strike
0-2: Fly out, F8 (Line Drive, 8LM)
Batting: RHB Hunter Plunket 0-0: Swinging Strike
0-1: Swinging Strike
0-2: Ball
1-2: Ball
2-2: Strikes out swinging
Batting: LHB Ralph Cobb 0-0: Called Strike
0-1: Ball
1-1: Foul Ball, location: 2F
1-2: Ball
2-2: Ball
3-2: Base on Balls
Batting: RHB James Jenkins 0-0: Ball
Ralph Cobb is caught stealing 2nd base
Top of the 4th over - 0 run(s), 0 hit(s), 0 error(s), 0 left on base; Casper 3 - Menlo 0
BOTTOM OF THE 4TH
Menlo Maniacs batting - Pitching for Casper Ghosts : RHP Larry Jenkins
Batting: LHB César Rodríguez 0-0: Swinging Strike
0-1: Fly out, F8 (Line Drive, 8LM)
Batting: LHB Dave Lee 0-0: Ball
1-0: SINGLE (Groundball, 34D)
Batting: RHB Miguel González 0-0: Fly out, F8 (Flyball, 8LS)
Batting: SHB Ryan Holcomb 0-0: Ball
1-0: Ball
2-0: Ball
3-0: Called Strike
3-1: Called Strike
3-2: Strikes out swinging
Bottom of the 4th over - 0 run(s), 1 hit(s), 0 error(s), 1 left on base; Casper 3 - Menlo 0
TOP OF THE 5TH
Casper Ghosts batting - Pitching for Menlo Maniacs : RHP Michael Díaz
Batting: RHB James Jenkins 0-0: Foul Ball, location: 2F
0-1: Ball
1-1: Swinging Strike
1-2: Ball
2-2: Strikes out swinging
Batting: LHB Ramón Córdova 0-0: SINGLE (Flyball, 9S)
Batting: SHB Dave Henley 0-0: SINGLE (Line Drive, 6MD)
Ramón Córdova to second
Runner from 2nd tries for 3rd, SAFE, no throw
Batting: RHB Juan García 0-0: Called Strike
0-1: SINGLE (Line Drive, 6M)
Ramón Córdova scores
Dave Henley to second
Batting: RHB Wilfred Martin 0-0: Swinging Strike
0-1: Called Strike
0-2: Grounds into double play, 3-6-1 (Groundball, 3)
Top of the 5th over - 1 run(s), 3 hit(s), 0 error(s), 1 left on base; Casper 4 - Menlo 0
BOTTOM OF THE 5TH
Menlo Maniacs batting - Pitching for Casper Ghosts : RHP Larry Jenkins
Batting: RHB Clinton Barton 0-0: Foul Ball, location: 2F
0-1: Ball
1-1: Swinging Strike
1-2: Strikes out swinging
Batting: LHB Bernardo Rodríguez 0-0: Fly out, F5 (Popup, 5S)
Batting: RHB Gilberto León 0-0: Ball
1-0: Called Strike
1-1: Foul Ball, location: 2F
1-2: Ball
2-2: Foul Ball, location: 2F
2-2: Ball
3-2: Base on Balls
Batting: LHB Tim Ramsey 0-0: Swinging Strike
0-1: Called Strike
0-2: Foul Ball, location: 2F
0-2: Strikes out swinging
Bottom of the 5th over - 0 run(s), 0 hit(s), 0 error(s), 1 left on base; Casper 4 - Menlo 0
TOP OF THE 6TH
Casper Ghosts batting - Pitching for Menlo Maniacs : RHP Michael Díaz
Batting: SHB José González 0-0: Ground out 6-3 (Groundball, 6)
Batting: RHB Robert Acosta 0-0: Foul Ball, location: 2F
0-1: Ground out 5-3 (Groundball, 56)
Batting: RHB Hunter Plunket 0-0: Ball
1-0: Ball
2-0: SINGLE (Flyball, 78S)
Batting: LHB Ralph Cobb 0-0: SINGLE (Groundball, 2L) (infield hit)
Hunter Plunket to second
Batting: RHB James Jenkins 0-0: SINGLE (Flyball, 5D)
Hunter Plunket to third
Ralph Cobb to second
Runner from 3rd tries for Home, SAFE, no throw
Batting: LHB Ramón Córdova 0-0: Fly out, F7 (Flyball, 7S)
Top of the 6th over - 1 run(s), 3 hit(s), 0 error(s), 2 left on base; Casper 5 - Menlo 0
BOTTOM OF THE 6TH
Menlo Maniacs batting - Pitching for Casper Ghosts : RHP Larry Jenkins
Batting: LHB Frank Young 0-0: Ball
1-0: Ground out 4-3 (Groundball, 4)
Batting: LHB César Rodríguez 0-0: Called Strike
0-1: Called Strike
0-2: Fly out, F2 (Popup, 5S)
Batting: LHB Dave Lee 0-0: Swinging Strike
0-1: Swinging Strike
0-2: Fly out, F7 (Flyball, 7S)
Bottom of the 6th over - 0 run(s), 0 hit(s), 0 error(s), 0 left on base; Casper 5 - Menlo 0
TOP OF THE 7TH
Casper Ghosts batting - Pitching for Menlo Maniacs : RHP Michael Díaz
Batting: SHB Dave Henley 0-0: Ball
1-0: Ball
2-0: Called Strike
2-1: Ball
3-1: Called Strike
3-2: Base on Balls
Pitching: RHP Wayne Todd
Batting: RHB Juan García 0-0: Called Strike
0-1: Swinging Strike
0-2: Fly out, F9 (Flyball, 9S)
Batting: RHB Wilfred Martin 0-0: Ball
1-0: Ball
2-0: Called Strike
2-1: Ball
3-1: Base on Balls
Dave Henley to second
Batting: SHB José González 0-0: Ball
1-0: Ball
2-0: Ball
3-0: Base on Balls
Dave Henley to third
Wilfred Martin to second
Batting: RHB Robert Acosta 0-0: Called Strike
0-1: SINGLE (Line Drive, 6MD)
Dave Henley scores
Wilfred Martin to third
José González to second
Throwing error, E8
Wilfred Martin scores
José González to third
Robert Acosta to second
Batting: RHB Hunter Plunket 0-0: Ball
1-0: Foul Ball, location: 2F
1-1: Foul Ball, location: 2F
1-2: Strikes out looking
Batting: LHB Ralph Cobb 0-0: Called Strike
0-1: Ball
1-1: Swinging Strike
1-2: Strikes out swinging
Top of the 7th over - 2 run(s), 1 hit(s), 1 error(s), 2 left on base; Casper 7 - Menlo 0
BOTTOM OF THE 7TH
Menlo Maniacs batting - Pitching for Casper Ghosts : RHP Larry Jenkins
Batting: RHB Miguel González 0-0: Fly out, F8 (Flyball, 8LM)
Batting: SHB Ryan Holcomb 0-0: Swinging Strike
0-1: Called Strike
0-2: Ground out 5-3 (Groundball, 56S)
Batting: RHB Clinton Barton 0-0: Called Strike
0-1: Fly out, F9 (Flyball, 9)
Bottom of the 7th over - 0 run(s), 0 hit(s), 0 error(s), 0 left on base; Casper 7 - Menlo 0
TOP OF THE 8TH
Casper Ghosts batting - Pitching for Menlo Maniacs : RHP Wayne Todd
Batting: RHB James Jenkins 0-0: Swinging Strike
0-1: Ball
1-1: Ball
2-1: SOLO HOME RUN (Flyball, 78XD), Distance : 405 ft
Batting: LHB Ramón Córdova 0-0: Ball
1-0: SINGLE (Groundball, 3D)
Batting: SHB Dave Henley 0-0: Fly out, F7 (Flyball, 7S)
Batting: RHB Juan García 0-0: Ball
1-0: Ball
2-0: Called Strike
2-1: Called Strike
2-2: SINGLE (Line Drive, 3)
Ramón Córdova to second
Throwing error, E9
Ramón Córdova scores
Juan García to second
Batting: RHB Wilfred Martin 0-0: Called Strike
0-1: Ball
1-1: SINGLE (Line Drive, 7S)
Juan García to third
Runner from 3rd tries for Home, SAFE, throw made home
Wilfred Martin to second
Pitching: LHP Marc Sizemore
Batting: SHB José González 0-0: Called Strike
0-1: Called Strike
0-2: Strikes out looking
Pinch Hitting: RHB Paul Richard 0-0: Swinging Strike
0-1: Foul Ball, location: 2F
0-2: Ball
1-2: Strikes out looking
Top of the 8th over - 3 run(s), 4 hit(s), 1 error(s), 1 left on base; Casper 10 - Menlo 0
BOTTOM OF THE 8TH
Menlo Maniacs batting - Pitching for Casper Ghosts : RHP Larry Jenkins
Now in LF: Paul Richard
Batting: LHB Bernardo Rodríguez 0-0: Ball
1-0: Foul Ball, location: 2F
1-1: Ball
2-1: Ball
3-1: Foul Ball, location: 2F
3-2: SINGLE (Groundball, 6D)
Batting: RHB Gilberto León 0-0: Called Strike
0-1: Called Strike
0-2: Ball
1-2: Ground out 6-3 (Groundball, 6MS)
Bernardo Rodríguez to second
Batting: LHB Tim Ramsey 0-0: Ball
1-0: Called Strike
1-1: Ball
2-1: Called Strike
2-2: Strikes out swinging
Pitching: RHP Willie Alexander
Batting: LHB Frank Young 0-0: Ball
1-0: Fly out, F7 (Flyball, 78M)
Bottom of the 8th over - 0 run(s), 1 hit(s), 0 error(s), 1 left on base; Casper 10 - Menlo 0
TOP OF THE 9TH
Casper Ghosts batting - Pitching for Menlo Maniacs : LHP Marc Sizemore
Batting: RHB Hunter Plunket 0-0: Swinging Strike
0-1: Called Strike
0-2: Ground out 5-3 (Groundball, 56)
Batting: LHB Ralph Cobb 0-0: Ball
1-0: Ball
2-0: Called Strike
2-1: Ball
3-1: Fly out, F8 (Flyball, 78M)
Batting: RHB James Jenkins 0-0: Called Strike
0-1: Fly out, F6 (Line Drive, 56)
Top of the 9th over - 0 run(s), 0 hit(s), 0 error(s), 0 left on base; Casper 10 - Menlo 0
BOTTOM OF THE 9TH
Menlo Maniacs batting - Pitching for Casper Ghosts : RHP Willie Alexander
Batting: LHB César Rodríguez 0-0: Ball
1-0: Ball
2-0: Foul Ball, location: 2F
2-1: Foul Ball, location: 2F
2-2: Ground out 4-3 (Groundball, 4)
Batting: LHB Dave Lee 0-0: Ball
1-0: SINGLE (Groundball, 3S) (infield hit)
Pinch Hitting: LHB David Doyle 0-0: Ball
1-0: Foul Ball, location: 2F
1-1: Foul Ball, location: 2F
1-2: Foul Ball, location: 2F
1-2: Fly out, F9 (Line Drive, 9)
Batting: SHB Ryan Holcomb 0-0: Called Strike
0-1: Ball
1-1: DOUBLE (Groundball, 3L)
Dave Lee to third
Batting: RHB Clinton Barton 0-0: Ground out 1-3 (Groundball, P)
Bottom of the 9th over - 0 run(s), 2 hit(s), 0 error(s), 2 left on base; Casper 10 - Menlo 0
Tuesday, August 8th, 2017 - OOTP Baseball 17.12 Build 75